 Dungeon Crawl Stone Soup version 0.28-a0-628-g3c9886e45e (webtiles) character file.

Game seed: 11441947672075923398

548 mordus the Poker (level 7, -4/57 HPs)
             Began as a Hill Orc Monk on Oct 8, 2021.
             Slain by Menkaure (16 damage)
             ... on level 4 of the Dungeon.
             The game lasted 00:08:11 (6389 turns).

mordus the Poker (Hill Orc Monk)                    Turns: 6389, Time: 00:08:11

Health: -4/57      AC: 10    Str: 16    XL:     7   Next: 28%
Magic:  7/7        EV: 10    Int: 10    God:
Gold:   170        SH:  0    Dex: 13    Spells: 6/6 levels left

rFire   . . .      SeeInvis .   t - +0 trident
rCold   . . .      Faith    .   (no shield)
rNeg    + . .      Spirit   .   k - +0 scale mail
rPois   .          Reflect  .   (no helmet)
rElec   .          Harm     .   p - +0 cloak
rCorr   .          Rampage  .   (no gloves)
Will    .....                   o - +1 pair of boots
Stlth   ..........              (no amulet)
HPRegen 0.19/turn               h - ring of positive energy
MPRegen 0.10/turn               (no ring)

@: no status effects
A: no striking features
a: no special abilities


You were on level 4 of the Dungeon.
You visited 1 branch of the dungeon, and saw 4 of its levels.

You collected 170 gold pieces.

Inventory:

Hand Weapons
 t - a +0 trident (weapon)
Armour
 k - a +0 scale mail (worn)
 o - a +1 pair of boots (worn)
 p - a +0 cloak (worn)
 s - a +0 plate armour
Jewellery
 h - a ring of positive energy (left hand)
Wands
 l - a wand of flame (7)
Scrolls
 c - a scroll of fog
 e - a scroll of amnesia {unknown}
 f - a scroll of teleportation
 q - 4 scrolls of identify
Potions
 a - a potion of degeneration {unknown}
 b - 3 potions of curing
 d - 2 potions of flight {unknown}
 g - a potion of ambrosia {unknown}
 i - a potion of lignification {unknown}
 m - a potion of heal wounds {unknown}


   Skills:
 - Level 3.6 Fighting
 * Level 7.5 Polearms
 + Level 4.4 Armour
 - Level 2.4 Dodging
 - Level 1.5 Stealth


You had 6 spell levels left.
You didn't know any spells.
Your spell library contained the following spells:

 Spells                   Type           Power      Damage    Failure   Level
 Corpse Rot               Necr/Air       N/A        N/A       88%         2
 Poisonous Vapours        Pois/Air       0%         N/A       88%         2
 Call Canine Familiar     Summ           0%         N/A       98%         3
 Portal Projectile        Hex/Tloc       0%         N/A       98%         3
 Summon Guardian Golem    Hex/Summ       0%         N/A       98%         3
 Leda's Liquefaction      Hex/Erth       0%         N/A       100%        4
 Orb of Destruction       Conj           0%         N/A       100%        7
 Spellforged Servitor     Conj/Summ      0%         N/A       100%        7


Dungeon Overview and Level Annotations

Branches:
Dungeon (4/15)
 Temple: D:4-7

Altars:
Ashenzari
Wu Jian

Shops:
D:1 ?

Annotations:
D:4 Menkaure


Message History

Unknown command.
Things that are here:
a +0 leather armour; a +0 mace; an adder corpse
There is a stone staircase leading down, spattered with blood here.
You start resting.
HP restored.
You climb downwards.
Level annotation: Menkaure
There is a stone staircase leading up, spattered with blood here.
You barely miss Menkaure. Menkaure hits you but does no damage.
You hit Menkaure.
Menkaure is moderately damaged.
Menkaure hits you!
You puncture Menkaure!
Menkaure is heavily damaged.
Menkaure casts a spell at you.
You struggle to resist.
You hit Menkaure but do no damage.
Menkaure is heavily damaged.
You barely miss Menkaure.
Menkaure is heavily damaged.
Menkaure hits you but does no damage.
You hit Menkaure.
Menkaure is severely damaged.
Menkaure hits you!!
You hit Menkaure but do no damage.
Menkaure is severely damaged.
Menkaure points at you and mumbles some strange words.
Pain shoots through your body!
You barely miss Menkaure.
Menkaure is severely damaged.
You barely miss Menkaure.
Menkaure is severely damaged.
Menkaure calls on the powers of darkness!
Your body is wracked with pain!
* * * LOW HITPOINT WARNING * * *
You hit Menkaure.
Menkaure is severely damaged.
Menkaure hits you!
You die...

#.........#......##.............#
#.........#......##........##...#
#####.....#......##........##...#
#.......#......##.............#
#.......######.##.....##......#
###.......#......##.....##......#
#.........#.#...................#
#....#...........................
#..?.#.........M@<#.#............
#....)>..........................
#..)..........###[...............
#.............###.............###
#[.......##.#.................#
#........##.#....#............#
###......##.#....##.####.......
#...^..##.##.........#.......
#......# .##.........#......


You could see Menkaure.

Vanquished Creatures
  Sigmund (D:4)
  2 ogres (D:4)
  A hound (D:4)
  An iguana (D:3)
  A hound skeleton (D:4)
  6 adders
  A worm (D:3)
  2 dart slugs
  5 orcs
  13 ball pythons
  6 endoplasms
  3 giant cockroaches
  4 goblins
  13 hobgoblins
  3 jackals (D:2)
  9 kobolds
  4 quokkas
  7 bats
  4 frilled lizards
  5 rats
91 creatures vanquished.

Notes
Turn   | Place    | Note
-------+----------+-------------------------------------------
     0 | D:1      | mordus the Hill Orc Monk began the quest for the Orb.
     0 | D:1      | Reached XP level 1. HP: 19/19 MP: 1/1
   658 | D:1      | Reached XP level 2. HP: 23/26 MP: 2/2
   672 | D:1      | Reached skill level 1 in Armour
   882 | D:1      | Reached skill level 4 in Polearms
  1213 | D:1      | Reached XP level 3. HP: 25/31 MP: 3/3
  1573 | D:1      | Found Beapelim's Magic Scroll Shoppe.
  2717 | D:2      | Reached XP level 4. HP: 10/39 MP: 4/4
  3822 | D:3      | Reached skill level 5 in Polearms
  4294 | D:3      | Found an ornate altar of the Wu Jian Council.
  4296 | D:3      | Reached XP level 5. HP: 45/45 MP: 5/5
  4967 | D:4      | Noticed Sigmund
  5115 | D:4      | Noticed an ogre
  5115 | D:4      | Noticed Menkaure
  5564 | D:4      | Reached skill level 6 in Polearms
  5570 | D:4      | Killed an ogre
  5571 | D:4      | Reached XP level 6. HP: 47/51 MP: 6/6
  5640 | D:4      | Found a broken altar of Ashenzari.
  5930 | D:4      | Killed Sigmund
  5931 | D:4      | Reached skill level 7 in Polearms
  5931 | D:4      | Reached XP level 7. HP: 55/57 MP: 7/7
  6389 | D:4      | Slain by Menkaure

Illustrated notes

Levels and vault maps discovered:
D:1:      kilobyte_arrival_exit_the_forest, layout_basic, serial_shops,
          nicolae_shop_statue_plus, minmay_tetromino_o2
D:2:      layout_basic, minmay_ruptured
D:3:      layout_loops_corners, mainiacjoe_overflow_tiny_flanked
D:4:      layout_basic, ashenzari_altar_1, uniq_sigmund, uniq_menkaure

Skill      XL: |  1  2  3  4  5  6 |
---------------+-------------------+-----
Armour         | 1 2 3 4 |  4.4
Polearms       | 4 5 6 7 |  7.5
Fighting       | |  3.6
Dodging        | |  2.4
Stealth        | |  1.5

Action                   |  1- 3 |  4- 6 |  7- 9 || total
-------------------------+-------+-------+-------++-------
Melee: Spear             |   201 |   203 |       ||   404
       Trident           |       |    47 |    20 ||    67
  Use: Scroll            |       |     9 |       ||     9
Armor: Robe              |     3 |       |       ||     3
       Ring mail         |    19 |       |       ||    19
       Scale mail        |    33 |    90 |     4 ||   127
Dodge: Dodged            |    94 |    97 |     1 ||   192

Table legend: (Time is in decaauts)
 A = Elapsed time spent in this place.
 B = Non-inter-level travel time spent in this place.
 C = Inter-level travel time spent in this place.
 D = Time resting spent in this place.
 E = Time spent auto-exploring this place.
 F = Levels seen in this place.
 G = Mean time per level.
                   A        B        C        D        E       F      G
               +--------+--------+--------+--------+--------+-----+--------+
         Total |   6339 |   6191 |    148 |   1745 |   3526 |   4 | 1584.8 |
       Dungeon |   6339 |   6191 |    148 |   1745 |   3526 |   4 | 1584.8 |
               +--------+--------+--------+--------+--------+-----+--------+

Top non-repeatable levels by time:
     D:3: 1965 daAuts
     D:1: 1916 daAuts
     D:2: 1856 daAuts
     D:4: 599 daAuts
